 Dungeon Crawl Stone Soup version 0.29.1-12-g30fa7ad0bf (webtiles) character file.

Game seed: 12304516434132861999

1829 H0rd4k the Martial Artist (level 9, -3/61 HPs)
             Began as an Octopode Artificer on Dec 19, 2022.
             Was an Initiate of Gozag.
             Slain by a wyvern (18 damage)
             ... on level 6 of the Dungeon.
             The game lasted 00:06:29 (6963 turns).

H0rd4k the Martial Artist (Octopode Artificer)      Turns: 6963, Time: 00:06:30

Health: -3/61      AC:  1    Str: 11    XL:     9   Next: 11%
Magic:  15/15      EV: 17    Int: 17    God:    Gozag
Gold:   324        SH:  0    Dex: 13    Spells: 16/16 levels left

rFire   . . .      SeeInvis .     - Unarmed
rCold   + . .      Faith    .   (no shield)
rNeg    . . .      Spirit   .   (helmet restricted)
rPois   .          Reflect  .   e - amulet of magic regeneration
rElec   .          Harm     .   a - +4 ring of evasion
rCorr   .          Rampage  .   s - ring of protection from cold
Will    .....                   (no ring)
Stlth   +++.......              (no ring)
HPRegen 0.20/turn               (no ring)
MPRegen 0.54/turn               (no ring)
                                (no ring)
                                (no ring)

@: studying Stealth
A: almost no armour, amphibious, 8 rings, camouflage 1, gelatinous body 1,
(nimble swimmer 1), tentacles
a: Renounce Religion, Potion Petition, Call Merchant, Bribe Branch


You were on level 6 of the Dungeon.
You worshipped Gozag.
Gozag was aware of your devotion.
You visited 2 branches of the dungeon, and saw 7 of its levels.

You collected 435 gold pieces.
You paid 111 gold pieces to Gozag.

Inventory:

Hand Weapons
 y - a +4 falchion of electrocution
Jewellery
 a - a +4 ring of evasion (left tentacle)
 e - an amulet of magic regeneration (around mantle)
 s - a ring of protection from cold (right tentacle)
 u - an amulet of the acrobat
Wands
 b - a wand of digging (6) (quivered)
 c - a wand of charming (3)
Scrolls
 f - 4 scrolls of immolation {unknown}
 h - 4 scrolls of magic mapping {unknown}
 i - 2 scrolls of teleportation {unknown}
 l - 3 scrolls of amnesia {unknown}
 o - 2 scrolls of poison {unknown}
 r - a scroll of brand weapon {unknown}
 t - a scroll of identify {unknown}
 x - a scroll of enchant weapon {unknown}
Potions
 d - a potion of haste {unknown}
 g - 2 potions of invisibility {unknown}
 j - a potion of resistance {unknown}
 k - 4 potions of lignification {unknown}
 m - a potion of berserk rage {unknown}
 n - a potion of attraction {unknown}
 p - 4 potions of curing {unknown}
 q - 2 potions of heal wounds {unknown}
 v - 2 potions of magic {unknown}
 w - a potion of mutation {unknown}


   Skills:
 * Level 5.4 Fighting
 - Level 2.3 Dodging
 - Level 1.3 Stealth
 + Level 8.6 Unarmed Combat
 * Level 4.4 Spellcasting
 - Level 3.2 Evocations


You had 16 spell levels left.
You didn't know any spells.
Your spell library contained the following spells:

 Spells                   Type           Power      Damage    Failure   Level
 Apportation              Tloc           6%         N/A       16%         1
 Necrotise                Necr           12%        1d4       16%         1
 Summon Small Mammal      Summ           12%        N/A       16%         1
 Ignite Poison            Fire/Tmut/Pois 3%         N/A       41%         3
 Mephitic Cloud           Conj/Pois/Air  3%         N/A       41%         3
 Freezing Cloud           Conj/Ice/Air   1%         6-21      99%         5
 Dispersal                Tloc           1%         N/A       100%        6
 Disjunction              Tloc           1%         N/A       100%        8


Dungeon Overview and Level Annotations

Branches:
Dungeon (6/15)             Temple (1/1) D:6

Altars:
Ashenzari
Cheibriados
Elyvilon
Fedhas
Gozag
Makhleb
Nemelex Xobeh
Okawaru
Qazlal
Ru
Sif Muna
Trog
Uskayaw
Wu Jian
Xom
Yredelemnul
The Shining One

Annotations:
D:3 exclusion: downstairs
D:5 exclusion: black bear
D:6 exclusions: phantom and steam dragon


Innate Abilities, Weirdness & Mutations

You cannot wear most types of armour.
You are amphibious.
You can wear up to eight rings at the same time.
Your skin changes colour to match your surroundings (Stealth+).
Your rubbery body absorbs attacks. (AC +1, EV +1)
((You are camouflaged when in or above water. (Stealth+)))
You have tentacles for arms and can constrict up to eight enemies at once.


Message History

Sigmund says, "I'm your fate."
Your wyvern closely misses Sigmund.
Sigmund gestures at you while chanting. The magic dart hits you!
Your wyvern bites Sigmund!
You catch the helpless Sigmund completely off-guard!
You tentacle-slap Sigmund. Your grab misses Sigmund. You squeeze Sigmund!
You kill Sigmund!
You swap places.
You now have 324 gold pieces (gained 5).
k - 4 viscous black potions (gained 1)
Things that are here:
a +0 scythe; a +1 robe of fire resistance The wyvern is no longer charmed.
The wyvern is distracted by your dazzling golden aura.
Unknown command.
The wyvern is no longer distracted by gold.
Okay, then.
The wyvern hisses menacingly.
Okay, then.
You tentacle-slap the wyvern. You squeeze the wyvern.
The wyvern is moderately wounded.
The wyvern barely misses you.
You barely miss the wyvern. You squeeze the wyvern.
The wyvern is heavily wounded.
The wyvern bites you!
You tentacle-slap the wyvern.
The wyvern is severely wounded.
The wyvern bites you!
You closely miss the wyvern.
You squeeze the wyvern, but do no damage.
The wyvern is severely wounded.
The wyvern bites you!
* * * LOW HITPOINT WARNING * * *
The wyvern closely misses you.
You tentacle-slap the wyvern but do no damage.
You squeeze the wyvern.
The wyvern is severely wounded.
The wyvern bites you!!
You die...
Your body crumbles into a pile of gold.

#.........## #.# #.#
...######..# #.# #.#
#. #..# #.# ##.
#..### #..## #.# ##
.....###...## #)# #
#..##.l......# #l# #
#...).......## #.# #
..#######..########.#
# #.....@l....# #
############# # #


You could see a wyvern.

Vanquished Creatures
  Sigmund (D:6)
  Eustachio (D:5)
  A sky beast (D:6)
  3 black bears
  An ice beast (D:4)
  3 centaurs (D:6)
  2 phantoms
  2 scorpions (D:5)
  2 wights (D:6)
  2 hounds (D:6)
  An orc priest (D:3)
  A gnoll bouda (D:6)
  2 iguanas (D:4)
  9 gnolls (D:6)
  6 adders
  A shadow imp (D:6)
  A white imp (D:6)
  A worm (D:2)
  2 dart slugs
  16 orcs
  5 bats
  9 endoplasms
  7 giant cockroaches
  7 goblins
  7 hobgoblins
  3 jackals (D:1)
  2 quokkas
  7 ball pythons
  4 frilled lizards
  9 kobolds
  10 rats
128 creatures vanquished.

Vanquished Creatures (collateral kills)
  A quokka (D:3)
  A frilled lizard (D:3)
2 creatures vanquished.

Vanquished Creatures (others)
  2 wights (D:6)
  An orc wizard (D:5)
3 creatures vanquished.

Grand Total: 133 creatures vanquished

Notes
Turn   | Place    | Note
-------+----------+-------------------------------------------
     0 | D:1      | H0rd4k the Octopode Artificer began the quest for the Orb.
     0 | D:1      | Reached XP level 1. HP: 13/13 MP: 1/1
   295 | D:1      | Reached XP level 2. HP: 14/19 MP: 2/2
   602 | D:1      | Reached skill level 1 in Spellcasting
   664 | D:1      | Reached XP level 3. HP: 8/24 MP: 4/4
   966 | D:1      | Reached skill level 1 in Unarmed Combat
  1291 | D:1      | Found a faded altar of an unknown god.
  1955 | D:2      | Reached XP level 4. HP: 30/30 MP: 6/6
  2344 | D:3      | Reached skill level 2 in Unarmed Combat
  2658 | D:3      | Reached XP level 5. HP: 35/35 MP: 8/8
  3293 | D:4      | Noticed a phantom
  3486 | D:4      | Noticed an ice beast
  3501 | D:4      | Killed an ice beast
  3502 | D:4      | Reached skill level 3 in Unarmed Combat
  3502 | D:4      | Reached XP level 6. HP: 31/42 MP: 9/9
  3664 | D:4      | Reached skill level 4 in Unarmed Combat
  3707 | D:4      | Found a basalt altar of Yredelemnul.
  3785 | D:4      | Found a white marble altar of Elyvilon.
  3920 | D:5      | Entered Level 5 of the Dungeon
  3920 | D:5      | Noticed a black bear
  3985 | D:5      | Noticed Eustachio
  4001 | D:5      | Killed Eustachio
  4002 | D:5      | Reached skill level 5 in Unarmed Combat
  4002 | D:5      | Reached XP level 7. HP: 24/46 MP: 11/11
  4731 | D:5      | Reached skill level 6 in Unarmed Combat
  5247 | D:6      | Reached XP level 8. HP: 43/54 MP: 13/13
  5673 | D:6      | Reached skill level 7 in Unarmed Combat
  5961 | D:6      | Found a staircase to the Ecumenical Temple.
  6007 | Temple   | Entered the Ecumenical Temple
  6019 | Temple   | Became a worshipper of Gozag Ym Sagoz the Greedy
  6571 | D:6      | Reached skill level 8 in Unarmed Combat
  6674 | D:6      | Reached skill level 5 in Fighting
  6743 | D:6      | Reached XP level 9. HP: 32/61 MP: 15/15
  6904 | D:6      | Identified the +2 ring mail of the Indestructible God
                  | {-Cast Regen+ Dex+5}
  6920 | D:6      | Noticed Sigmund
  6948 | D:6      | Killed Sigmund
  6963 | D:6      | Slain by a wyvern

Illustrated notes

Levels and vault maps discovered:
D:1:      spicycebolla_arrival_xxxplode, layout_basic,
          shapermc_ecumenical_altar_mp_vishouse, st_stairs_4,
          chequers_hall_statues_wall_a, minmay_close_crescents
D:2:      layout_basic, moated_statue, st_stairs_8, minmay_door_square,
          minmay_misc_feat_secret_circle
D:3:      layout_rooms
D:4:      layout_basic, kennysheep_ying_yang, minivault_26
D:5:      layout_rooms, uniq_eustachio
D:6:      minmay_octagon_keep, layout_loops_corners, minmay_temple_entry_hall,
          minmay_manual_monstrance, uniq_sigmund, uniq_duvessa
Temple:   minmay_freezing_vapour_temple

Skill      XL: |  1  2  3  4  5  6  7  8 |
---------------+-------------------------+-----
Spellcasting   | 1 2 3 4 |  4.4
Fighting       | 2 3 4 5 |  5.4
Unarmed Combat | 1 2 3 5 6 8 |  8.6
Dodging        | |  2.3
Stealth        | |  1.3
Evocations     | |  3.2

Action                   |  1- 3 |  4- 6 |  7- 9 || total
-------------------------+-------+-------+-------++-------
Melee: Unarmed           |   118 |   110 |   137 ||   365
       Constrict         |    31 |    20 |    28 ||    79
       Tentacles         |    24 |    32 |    38 ||    94
       Punch             |     2 |     8 |     5 ||    15
Evoke: Wand              |       |    22 |    10 ||    32
 Stab: Sleeping          |     6 |     6 |     4 ||    16
       Distracted        |       |       |     1 ||     1
Armor: Skin              |    12 |     7 |     4 ||    23
Dodge: Dodged            |   115 |    77 |   108 ||   300
